 Dungeon Crawl Stone Soup version 0.20.0-15-g7f486f2 (webtiles) character file.

448 Ios the Vexing (level 6, -2/28 HPs)
             Began as a Spriggan Enchanter on June 9, 2017.
             Slain by a big kobold
             ... wielding a +0 club
              (6 damage)
             ... on level 4 of the Dungeon.
             The game lasted 00:09:48 (4861 turns).

Ios the Vexing (Spriggan Enchanter)                 Turns: 4861, Time: 00:09:49

Health: -2/28      AC:  4    Str:  5    XL:     6   Next: 73%
Magic:  16/16      EV: 18    Int: 21    God:
Gold:   103        SH:  0    Dex: 16    Spells: 9/18 levels left

rFire    . . .     SeeInvis +   a - +3 dagger
rCold    . . .     Gourm    .   (shield restricted)
rNeg     . . .     Faith    .   b - +0 robe
rPois    .         Spirit   .   (helmet restricted)
rElec    .         Reflect  .   q - +1 cloak
rCorr    .         Harm     .   (gloves unavailable)
MR       +....                  (boots unavailable)
Stlth    +++.......             (no amulet)
Regen    0.1/turn               m - +3 ring of intelligence
MPRegen  0.2/turn               (no ring)

@: very quick
A: unfitting armour, see invisible, herbivore 3, speed 3, slow metabolism 2
a: no special abilities


You were on level 4 of the Dungeon.
You were not hungry.

You visited 1 branch of the dungeon, and saw 4 of its levels.

You collected 103 gold pieces.

Inventory:

Hand Weapons
 a - a +3 dagger (weapon)
 k - a +2 short sword of freezing
Armour
 b - a +0 robe (worn)
 q - a +1 cloak (worn)
Jewellery
 m - a +3 ring of intelligence (left hand)
Scrolls
 e - a scroll of teleportation
 i - 3 scrolls of remove curse
 l - a scroll of recharging
Potions
 g - a potion of might {unknown}
 h - a potion of cancellation {unknown}
 j - a potion of mutation {unknown}
 n - a potion of invisibility {unknown}
 o - a potion of haste {unknown}
 p - 4 potions of brilliance
 r - a potion of lignification {unknown}
 s - 2 potions of flight {unknown}
Books
 c - a book of Maledictions

   Spells                             Type                      Level
   a - Corona                         Hexes                        1
   b - Ensorcelled Hibernation        Hexes/Ice                    2
   c - Confuse                        Hexes                        3
   d - Tukima's Dance                 Hexes                        3
   e - Dazzling Spray                 Conjuration/Hexes            3
Comestibles
 d - 3 bread rations
 f - a royal jelly


   Skills:
 - Level 1.1 Short Blades
 - Level 3.0 Dodging
 - Level 4.4 Stealth
 + Level 6.5 Spellcasting
 + Level 7.0 Hexes


You had 9 spell levels left.
You knew the following spells:

 Your Spells              Type           Power        Failure   Level  Hunger
a - Ensorcelled Hibernat  Hex/Ice        ###...       3%          2    None
b - Corona                Hex            #####..      1%          1    None
c - Confuse               Hex            #####...     1%          3    #......
d - Tukima's Dance        Hex            #####...     1%          3    #......


Dungeon Overview and Level Annotations

Branches:
Dungeon (4/15)
 Temple: D:4-7

Altars:
Cheibriados
Elyvilon
Makhleb
Uskayaw

Annotations:
D:3 2 transporters


Innate Abilities, Weirdness & Mutations

You are very small and have problems with some larger weapons.
You are too small for most types of armour.
You have supernaturally acute eyesight. (SInv)
You are a herbivore.
You cover ground extremely quickly.
You need consume almost no food.


Message History

You miss the big kobold.
The big kobold is almost dead.
The kobold closely misses you. The big kobold barely misses you.
The kobold barely misses you.
You barely miss the big kobold.
The big kobold is almost dead.
The kobold barely misses you. The big kobold hits you with a club!
* * * LOW HITPOINT WARNING * * *
The kobold completely misses you.
You hit the big kobold.
The big kobold is almost dead.
The kobold closely misses you. The big kobold hits you with a club.
* * * LOW HITPOINT WARNING * * *
You hit the big kobold but do no damage.
The big kobold is almost dead.
The kobold closely misses you. The kobold barely misses you.
You closely miss the big kobold.
The big kobold is almost dead.
The big kobold hits you with a club.
You die...

###### #....# #....#
##....## #......# +......+
#..)KK.# #..@K# #....#
#....#
########''################
≈≈≈≈≈≈.(...≈≈≈≈≈≈≈≈≈≈≈≈≈≈≈
≈≈≈≈≈≈≈....≈≈≈≈≈≈≈≈≈≈≈≈≈≈≈
≈≈≈≈≈≈......≈≈≈≈≈≈≈≈≈≈≈≈≈≈
≈≈≈≈≈......≈≈≈≈≈≈≈.≈≈≈≈≈≈≈
..........................


You could see a big kobold and 2 kobolds.

Vanquished Creatures
  Sigmund (D:4)
  A scorpion (D:4)
  2 orc wizards (D:4)
  A centaur skeleton (D:4)
  Terence (D:3)
  A worker ant (D:4)
  2 adders
  2 oozes
  2 worms
  2 dart slugs
  A leopard gecko (D:2)
  7 orcs (D:3)
  9 bats
  4 giant cockroaches
  6 goblins
  4 hobgoblins
  11 kobolds
  3 ball pythons
  5 frilled lizards
  12 rats
77 creatures vanquished.

Notes
Turn   | Place    | Note
-------+----------+-------------------------------------------
     0 | D:1      | Ios the Spriggan Enchanter began the quest for the Orb.
     0 | D:1      | Reached XP level 1. HP: 9/9 MP: 5/5
   565 | D:1      | Reached skill level 4 in Hexes
   565 | D:1      | Reached XP level 2. HP: 13/13 MP: 7/7
   573 | D:1      | Learned a level 2 spell: Ensorcelled Hibernation
  1611 | D:1      | Reached XP level 3. HP: 15/16 MP: 9/9
  1618 | D:1      | Learned a level 3 spell: Confuse
  1622 | D:1      | Learned a level 3 spell: Tukima's Dance
  2265 | D:2      | Found a snail-covered altar of Cheibriados.
  2920 | D:2      | Found a burning altar of Makhleb.
  2920 | D:2      | Found a white marble altar of Elyvilon.
  2988 | D:2      | Reached XP level 4. HP: 16/21 MP: 11/11
  3312 | D:3      | Reached skill level 5 in Hexes
  3481 | D:3      | Noticed Terence
  3484 | D:3      | Killed Terence
  3757 | D:3      | Found a transporter.
  3775 | D:3      | Found a transporter.
  4241 | D:4      | Noticed an enchanted hand axe
  4242 | D:4      | Found a hide-covered altar of Uskayaw.
  4243 | D:4      | Noticed a hand axe
  4250 | D:4      | Noticed Sigmund
  4267 | D:4      | Killed Sigmund
  4267 | D:4      | Reached skill level 5 in Spellcasting
  4267 | D:4      | Reached skill level 6 in Hexes
  4267 | D:4      | Reached XP level 5. HP: 23/24 MP: 5/14
  4267 | D:4      | Reached XP level 6. HP: 27/28 MP: 5/15
  4635 | D:4      | Reached skill level 7 in Hexes
  4861 | D:4      | Slain by a big kobold

Skill      XL: |  1  2  3  4  5  6 |
---------------+-------------------+-----
Spellcasting   | 3 4 5 6 |  6.5
Hexes          | 4 6 7 |  7.0
Short Blades   | |  1.1
Dodging        | |  3.0
Stealth        | |  4.4

Action                   |  1- 3 |  4- 6 || total
-------------------------+-------+-------++-------
Melee: Dagger            |   142 |   111 ||   253
 Cast: Corona            |     4 |       ||     4
       Ensorcelled Hiber |    17 |     6 ||    23
       Confuse           |       |    12 ||    12
  Use: Scroll            |       |     8 ||     8
 Stab: Sleeping          |    24 |     6 ||    30
       Confused          |       |     7 ||     7
  Eat: Royal jelly       |       |     1 ||     1
       Fruit             |       |     2 ||     2
Armor: Robe              |    20 |     7 ||    27
Dodge: Dodged            |   127 |    85 ||   212
